AoeStats
← gabrielaA23

MegaRandom

510429438Analyzed
2v2 RM · 3d ago on Oct 1, 2026· 43m 51s· 4 players
Game mode
Random Map
Map size
Medium (4 player)
Population
200
Speed
Normal
Resources
Standard
Victory
Conquest
Starting age
Dark Age
Ending age
Imperial Age
RankedLock teamsTeams togetherTeam positionsShared explorationLock speedFull tech treeHidden civsTurbo modeCheats
Victory
Defeat
🇺🇸 Khitans · United States
726
+15
🇺🇸 Khmer · United States
679
+17
🇦🇷 Persians · Argentina
765
-37
🇦🇷 Vietnamese · Argentina
638
-13
gabrielaA23
13:48 Feudal Age
14:11 Fishing Lines
14:38 Double-Bit Axe
14:37 Horse Collar
31:13 Castle Age
30:38 Gold Mining
30:38 Stone Mining
31:08 Scale Mail Armor
31:08 Padded Archer Armor
30:59 Fletching
31:19 Forging
40:03 Bow Saw
40:32 Stone Shaft Mining
chemadc5965
12:40 Feudal Age
13:46 Double-Bit Axe
32:03 Castle Age
32:27 Scale Barding Armor
32:22 Scale Mail Armor
36:39 Pikeman
39:10 Bow Saw
DublinOH614
15:38 Feudal Age
19:04 Wheelbarrow
21:02 Bloodlines
28:19 Castle Age
30:33 Medium Warships
38:56 Imperial Age
fatassbuddah
10:44 Loom
15:29 Feudal Age
15:54 Domestication
16:02 Double-Bit Axe
20:23 Scale Barding Armor
20:58 Forging
26:51 Castle Age
28:14 Husbandry
29:41 Bow Saw
30:16 Fletching
30:27 Padded Archer Armor
30:37 Thumb Ring
29:56 Heavy Cavalry Archer
36:23 Imperial Age
35:04 Ballistics
35:15 Leather Archer Armor
34:55 Bodkin Arrow
38:14 Parthian Tactics
37:56 Bracer
38:27 Ring Archer Armor
38:08 Ordo Cavalry
41:16 Chemistry
Connection lost

Rejoining the realm…

Still unreachable

The connection could not be restored.

Session expired

The server has moved on; the page needs a fresh start.